TOP OF THE 1ST |
Athletic Club KC batting - Pitching for Austin Rangers : RHP Juan Valéncia
|
Pitching: RHP Juan Valéncia
|
|
Batting: RHB Pil-joong Pak
|
0-0: Called Strike 0-1: Swinging Strike 0-2: Strikes out swinging
|
Batting: RHB Dong-min Cho
|
0-0: Ball 1-0: Foul Ball, location: 2F 1-1: Foul Ball, location: 2F 1-2: Ball 2-2: Ball 3-2: Foul Ball, location: 2F 3-2: Fly out, F9 (Flyball, 9S)
|
Batting: RHB David Edwards
|
0-0: Ball 1-0: Foul Ball, location: 2F 1-1: Swinging Strike 1-2: Ball 2-2: Ball 3-2: Base on Balls
|
Batting: SHB Pedro Vázquez
|
0-0: Ball David Edwards is caught stealing 2nd base
|
Top of the 1st over - 0 run(s), 0 hit(s), 0 error(s), 0 left on base; Athletic Club KC 0 - Austin 0 |
BOTTOM OF THE 1ST |
Austin Rangers batting - Pitching for Athletic Club KC : LHP Vincent Hall
|
Pitching: LHP Vincent Hall
|
|
Batting: RHB Miguel Morán
|
0-0: Called Strike 0-1: Ground out 5-3 (Groundball, 56S)
|
Batting: RHB Matt Sheppard
|
0-0: Called Strike 0-1: Ball 1-1: Ball 2-1: Foul Ball, location: 2F 2-2: SINGLE (Groundball, 4MD)
|
Batting: RHB Jeff Green
|
0-0: Ball 1-0: Ball 2-0: Called Strike 2-1: Ball 3-1: Fly out, F7 (Line Drive, 7D)
|
Batting: LHB Jesús Reyes
|
0-0: Ball 1-0: Called Strike 1-1: Foul Ball, location: 2F 1-2: Ball 2-2: Foul Ball, location: 2F 2-2: Fly out, F9 (Flyball, 9LSF)
|
Bottom of the 1st over - 0 run(s), 1 hit(s), 0 error(s), 1 left on base; Athletic Club KC 0 - Austin 0 |
TOP OF THE 2ND |
Athletic Club KC batting - Pitching for Austin Rangers : RHP Juan Valéncia
|
Batting: SHB Pedro Vázquez
|
0-0: Ball 1-0: Called Strike 1-1: Swinging Strike 1-2: Reached on error, E7 (Line Drive, 78M)
|
Batting: RHB Todd Blake
|
0-0: Ball Pedro Vázquez is caught stealing 2nd base 1-0: Swinging Strike 1-1: Fly out, F9 (Line Drive, 9S)
|
Batting: LHB Michael Neely
|
0-0: Ball 1-0: Swinging Strike 1-1: Fly out, F7 (Flyball, 7)
|
Top of the 2nd over - 0 run(s), 0 hit(s), 1 error(s), 0 left on base; Athletic Club KC 0 - Austin 0 |
BOTTOM OF THE 2ND |
Austin Rangers batting - Pitching for Athletic Club KC : LHP Vincent Hall
|
Batting: SHB Xavier Vásquez
|
0-0: Fly out, F9 (Flyball, 9)
|
Batting: RHB Tony Hernández
|
0-0: Foul Ball, location: 2F 0-1: Ball 1-1: Ground out 4-3 (Groundball, 4S)
|
Batting: LHB Héctor Cortéz
|
0-0: Called Strike 0-1: Foul Ball, location: 2F 0-2: Ball 1-2: Fly out, F7 (Flyball, 7LS)
|
Bottom of the 2nd over - 0 run(s), 0 hit(s), 0 error(s), 0 left on base; Athletic Club KC 0 - Austin 0 |
TOP OF THE 3RD |
Athletic Club KC batting - Pitching for Austin Rangers : RHP Juan Valéncia
|
Batting: SHB Eric Moore
|
0-0: Bunted foul 0-1: Ball 1-1: Called Strike 1-2: Strikes out swinging
|
Batting: RHB Yoshifumi Sato
|
0-0: Ball 1-0: Called Strike 1-1: Fly out, F7 (Flyball, 7S)
|
Batting: RHB Rick Atkinson
|
0-0: Called Strike 0-1: Swinging Strike 0-2: Strikes out looking
|
Top of the 3rd over - 0 run(s), 0 hit(s), 0 error(s), 0 left on base; Athletic Club KC 0 - Austin 0 |
BOTTOM OF THE 3RD |
Austin Rangers batting - Pitching for Athletic Club KC : LHP Vincent Hall
|
Batting: RHB Rodney Hanna
|
0-0: Called Strike 0-1: Foul Ball, location: 2F 0-2: SINGLE (Groundball, 56S) (infield hit)
|
Batting: RHB José Muńóz
|
0-0: Ball 1-0: Ball 2-0: Ball 3-0: Called Strike 3-1: 2-RUN HOME RUN (Flyball, 78XD), Distance : 392 ft
|
Batting: RHB Miguel Morán
|
0-0: Fly out, F8 (Flyball, 8RM)
|
Batting: RHB Matt Sheppard
|
0-0: DOUBLE (Line Drive, 89D)
|
Batting: RHB Jeff Green
|
0-0: Ball 1-0: Called Strike 1-1: Fly out, F8 (Flyball, 8LS)
|
Batting: LHB Jesús Reyes
|
0-0: Fly out, F7 (Flyball, 7LSF)
|
Bottom of the 3rd over - 2 run(s), 3 hit(s), 0 error(s), 1 left on base; Athletic Club KC 0 - Austin 2 |
TOP OF THE 4TH |
Athletic Club KC batting - Pitching for Austin Rangers : RHP Juan Valéncia
|
Batting: RHB Pil-joong Pak
|
0-0: Called Strike 0-1: Ball 1-1: Ball 2-1: Ball 3-1: SINGLE (Line Drive, 4)
|
Batting: RHB Dong-min Cho
|
0-0: Ball 1-0: Grounds into double play, 6-4-3 (Groundball, 6)
|
Batting: RHB David Edwards
|
0-0: Foul Ball, location: 2F 0-1: Ground out 5-3 (Groundball, 56S)
|
Top of the 4th over - 0 run(s), 1 hit(s), 0 error(s), 0 left on base; Athletic Club KC 0 - Austin 2 |
BOTTOM OF THE 4TH |
Austin Rangers batting - Pitching for Athletic Club KC : LHP Vincent Hall
|
Batting: SHB Xavier Vásquez
|
0-0: Called Strike 0-1: Called Strike 0-2: Ball 1-2: Foul Ball, location: 2F 1-2: Ball 2-2: Ball 3-2: Strikes out looking
|
Batting: RHB Tony Hernández
|
0-0: Foul Ball, location: 2F 0-1: Called Strike 0-2: Fly out, F9 (Flyball, 89S)
|
Batting: LHB Héctor Cortéz
|
0-0: Called Strike 0-1: Called Strike 0-2: Ball 1-2: Ball 2-2: Strikes out swinging
|
Bottom of the 4th over - 0 run(s), 0 hit(s), 0 error(s), 0 left on base; Athletic Club KC 0 - Austin 2 |
TOP OF THE 5TH |
Athletic Club KC batting - Pitching for Austin Rangers : RHP Juan Valéncia
|
Batting: SHB Pedro Vázquez
|
0-0: Called Strike 0-1: Ball 1-1: Ball 2-1: Called Strike 2-2: Foul Ball, location: 2F 2-2: Strikes out swinging
|
Batting: RHB Todd Blake
|
0-0: Called Strike 0-1: Ball 1-1: Swinging Strike 1-2: Fly out, F9 (Flyball, 9LMF)
|
Batting: LHB Michael Neely
|
0-0: Called Strike 0-1: Ball 1-1: Swinging Strike 1-2: SINGLE (Groundball, 3D)
|
Batting: SHB Eric Moore
|
0-0: Called Strike 0-1: Ball 1-1: Swinging Strike 1-2: Foul Ball, location: 2F 1-2: Fly out, F3 (Line Drive, 3)
|
Top of the 5th over - 0 run(s), 1 hit(s), 0 error(s), 1 left on base; Athletic Club KC 0 - Austin 2 |
BOTTOM OF THE 5TH |
Austin Rangers batting - Pitching for Athletic Club KC : LHP Vincent Hall
|
Batting: RHB Rodney Hanna
|
0-0: Swinging Strike 0-1: Foul Ball, location: 2F 0-2: Ball 1-2: Foul Ball, location: 2F 1-2: Strikes out swinging
|
Batting: RHB José Muńóz
|
0-0: Ground out 6-3 (Groundball, 6)
|
Batting: RHB Miguel Morán
|
0-0: Called Strike 0-1: Called Strike 0-2: Ball 1-2: Foul Ball, location: 2F 1-2: Foul Ball, location: 2F 1-2: Foul Ball, location: 2F 1-2: Ball 2-2: Strikes out looking
|
Bottom of the 5th over - 0 run(s), 0 hit(s), 0 error(s), 0 left on base; Athletic Club KC 0 - Austin 2 |
TOP OF THE 6TH |
Athletic Club KC batting - Pitching for Austin Rangers : RHP Juan Valéncia
|
Batting: RHB Yoshifumi Sato
|
0-0: Ball 1-0: Ground out 1-3 (Groundball, P)
|
Batting: RHB Rick Atkinson
|
0-0: Ball 1-0: Swinging Strike 1-1: Ground out 5-3 (Groundball, 56)
|
Batting: RHB Pil-joong Pak
|
0-0: Ball 1-0: Ball 2-0: Called Strike 2-1: Foul Ball, location: 2F 2-2: Ball 3-2: SOLO HOME RUN (Flyball, 89XD), Distance : 415 ft
|
Batting: RHB Dong-min Cho
|
0-0: Ball 1-0: Bunted foul 1-1: Swinging Strike 1-2: Strikes out looking
|
Top of the 6th over - 1 run(s), 1 hit(s), 0 error(s), 0 left on base; Athletic Club KC 1 - Austin 2 |
BOTTOM OF THE 6TH |
Austin Rangers batting - Pitching for Athletic Club KC : LHP Vincent Hall
|
Batting: RHB Matt Sheppard
|
0-0: Called Strike 0-1: Ball 1-1: Foul Ball, location: 2F 1-2: Ball 2-2: Ball 3-2: Strikes out swinging
|
Batting: RHB Jeff Green
|
0-0: Ball 1-0: Ball 2-0: Ball 3-0: Base on Balls
|
Batting: LHB Jesús Reyes
|
0-0: Called Strike 0-1: Ball 1-1: Ball 2-1: Grounds into double play, 6-4-3 (Groundball, 6)
|
Bottom of the 6th over - 0 run(s), 0 hit(s), 0 error(s), 0 left on base; Athletic Club KC 1 - Austin 2 |
TOP OF THE 7TH |
Athletic Club KC batting - Pitching for Austin Rangers : RHP Juan Valéncia
|
Batting: RHB David Edwards
|
0-0: Ball 1-0: Ball 2-0: Called Strike 2-1: SINGLE (Groundball, 56D)
|
Batting: SHB Pedro Vázquez
|
0-0: Fly out, F7 (Flyball, 7S)
|
Batting: RHB Todd Blake
|
0-0: Ground out 5-3 (Groundball, 56S) David Edwards to second
|
Batting: LHB Michael Neely
|
0-0: Ball 1-0: Foul Ball, location: 2F 1-1: 2-RUN HOME RUN (Flyball, 9LD), Distance : 373 ft
|
Batting: SHB Eric Moore
|
0-0: Ball 1-0: Swinging Strike 1-1: Ball 2-1: Ball 3-1: Foul Ball, location: 2F 3-2: Base on Balls
|
Batting: RHB Yoshifumi Sato
|
0-0: Called Strike 0-1: Foul Ball, location: 2F 0-2: Ball Eric Moore is caught stealing 2nd base
|
Top of the 7th over - 2 run(s), 2 hit(s), 0 error(s), 0 left on base; Athletic Club KC 3 - Austin 2 |
BOTTOM OF THE 7TH |
Austin Rangers batting - Pitching for Athletic Club KC : LHP Vincent Hall
|
Batting: SHB Xavier Vásquez
|
0-0: Ground out 6-3 (Groundball, 6S)
|
Batting: RHB Tony Hernández
|
0-0: Ball 1-0: Foul Ball, location: 2F 1-1: Ground out 1-3 (Groundball, 13S)
|
Batting: LHB Héctor Cortéz
|
0-0: Ball 1-0: Ball 2-0: Ball 3-0: Swinging Strike 3-1: Foul Ball, location: 2F 3-2: Strikes out swinging
|
Bottom of the 7th over - 0 run(s), 0 hit(s), 0 error(s), 0 left on base; Athletic Club KC 3 - Austin 2 |
TOP OF THE 8TH |
Athletic Club KC batting - Pitching for Austin Rangers : RHP Juan Valéncia
|
Batting: RHB Yoshifumi Sato
|
0-0: Foul Ball, location: 2F 0-1: Swinging Strike 0-2: Strikes out looking
|
Batting: RHB Rick Atkinson
|
0-0: Ball 1-0: Ball 2-0: Fly out, F7 (Flyball, 7)
|
Batting: RHB Pil-joong Pak
|
0-0: Ground out 6-3 (Groundball, 6)
|
Top of the 8th over - 0 run(s), 0 hit(s), 0 error(s), 0 left on base; Athletic Club KC 3 - Austin 2 |
BOTTOM OF THE 8TH |
Austin Rangers batting - Pitching for Athletic Club KC : LHP Vincent Hall
|
Batting: RHB Rodney Hanna
|
0-0: Called Strike 0-1: Ball 1-1: Ball 2-1: Called Strike 2-2: Ball 3-2: Base on Balls
|
Batting: RHB José Muńóz
|
0-0: Ball 1-0: Grounds into double play, 5-4-3 (Groundball, 56)
|
Batting: RHB Miguel Morán
|
0-0: Ball 1-0: Foul Ball, location: 2F 1-1: Ball 2-1: Swinging Strike 2-2: Ground out 6-3 (Groundball, 6)
|
Bottom of the 8th over - 0 run(s), 0 hit(s), 0 error(s), 0 left on base; Athletic Club KC 3 - Austin 2 |
TOP OF THE 9TH |
Athletic Club KC batting - Pitching for Austin Rangers : RHP Juan Valéncia
|
Batting: RHB Dong-min Cho
|
0-0: Called Strike 0-1: Ball 1-1: Foul Ball, location: 2F 1-2: Ball 2-2: Foul Ball, location: 2F 2-2: Ground out 5-3 (Groundball, 56)
|
Batting: RHB David Edwards
|
0-0: Foul Ball, location: 2F 0-1: Foul Ball, location: 2F 0-2: Ball 1-2: SINGLE (Flyball, 4D)
|
Pitching: RHP Gavin Blackburn
|
|
Batting: SHB Pedro Vázquez
|
0-0: Ball 1-0: Ball 2-0: Foul Ball, location: 2F 2-1: Ball 3-1: DOUBLE (Groundball, 3L) David Edwards to third
|
Batting: RHB Todd Blake
|
0-0: Ball 1-0: Ball 2-0: Called Strike 2-1: Ball 3-1: Foul Ball, location: 2F 3-2: Strikes out swinging
|
Batting: LHB Michael Neely
|
0-0: Foul Ball, location: 2F 0-1: Foul Ball, location: 2F 0-2: Foul Ball, location: 2F 0-2: Foul Ball, location: 2F 0-2: Foul Ball, location: 2F 0-2: Hit by Pitch
|
Batting: SHB Eric Moore
|
0-0: Called Strike 0-1: Fielders Choice at 2nd, 5-4 (Groundball, 56)
|
Top of the 9th over - 0 run(s), 2 hit(s), 0 error(s), 2 left on base; Athletic Club KC 3 - Austin 2 |
BOTTOM OF THE 9TH |
Austin Rangers batting - Pitching for Athletic Club KC : LHP Vincent Hall
|
Pitching: RHP Jackson Haines
|
|
Pinch Hitting: LHB Enrique Sánchez
|
0-0: Ball 1-0: Foul Ball, location: 2F 1-1: Fly out, F7 (Flyball, 7S)
|
Batting: RHB Jeff Green
|
0-0: Swinging Strike 0-1: Ball 1-1: Swinging Strike 1-2: Strikes out looking
|
Batting: LHB Jesús Reyes
|
0-0: Called Strike 0-1: Ball 1-1: Swinging Strike 1-2: SINGLE (Line Drive, 34)
|
Batting: SHB Xavier Vásquez
|
0-0: Called Strike 0-1: Foul Ball, location: 2F 0-2: Ball 1-2: Foul Ball, location: 2F 1-2: Ball 2-2: DOUBLE (Line Drive, 89XD) Jesús Reyes to third Runner from 3rd tries for Home, SAFE, throw made home
|
Batting: RHB Tony Hernández
|
0-0: Ball 1-0: Foul Ball, location: 2F 1-1: Foul Ball, location: 2F 1-2: Foul Ball, location: 2F 1-2: Ball 2-2: Ball 3-2: Ground out 4-3 (Groundball, 4)
|
Bottom of the 9th over - 1 run(s), 2 hit(s), 0 error(s), 1 left on base; Athletic Club KC 3 - Austin 3 |
TOP OF THE 10TH |
Athletic Club KC batting - Pitching for Austin Rangers : RHP Gavin Blackburn
|
Now in RF: Enrique Sánchez
|
|
Pinch Hitting: RHB Ramón Souza
|
0-0: Ball 1-0: Swinging Strike 1-1: Foul Ball, location: 2F 1-2: Foul Ball, location: 2F 1-2: Ball 2-2: Ball 3-2: Ground out 1-3 (Groundball, 13S)
|
Batting: RHB Rick Atkinson
|
0-0: Called Strike 0-1: Swinging Strike 0-2: Ball 1-2: Strikes out swinging
|
Batting: RHB Pil-joong Pak
|
0-0: Ball 1-0: Ball 2-0: Ball 3-0: Base on Balls
|
Batting: RHB Dong-min Cho
|
0-0: Ball Pil-joong Pak is caught stealing 2nd base
|
Top of the 10th over - 0 run(s), 0 hit(s), 0 error(s), 0 left on base; Athletic Club KC 3 - Austin 3 |
BOTTOM OF THE 10TH |
Austin Rangers batting - Pitching for Athletic Club KC : RHP Jackson Haines
|
Now at C: Fernando Luna
|
|
Batting: LHB Héctor Cortéz
|
0-0: Ball 1-0: Fly out, F6 (Line Drive, 6)
|
Pinch Hitting: SHB Carlos Kramer
|
0-0: Called Strike 0-1: Foul Ball, location: 2F 0-2: Ball 1-2: Foul Ball, location: 2F 1-2: Ball 2-2: SINGLE (Groundball, 2R) (infield hit)
|
Batting: RHB José Muńóz
|
0-0: Foul Ball, location: 2F 0-1: Ball 1-1: Ball 2-1: Foul Ball, location: 2F 2-2: Ball 3-2: SINGLE (Line Drive, 6M) Carlos Kramer to second Runner from 2nd tries for 3rd, SAFE, throw made to third
|
Batting: RHB Miguel Morán
|
0-0: Ball 1-0: Ball 2-0: Foul Ball, location: 2F 2-1: Called Strike 2-2: Strikes out swinging
|
Batting: LHB Enrique Sánchez
|
0-0: Called Strike 0-1: Fielders Choice at 2nd, 4-6 (Groundball, 34)
|
Bottom of the 10th over - 0 run(s), 2 hit(s), 0 error(s), 1 left on base; Athletic Club KC 3 - Austin 3 |
TOP OF THE 11TH |
Athletic Club KC batting - Pitching for Austin Rangers : RHP Gavin Blackburn
|
Now at 3B: Carlos Kramer
|
|
Batting: RHB Dong-min Cho
|
0-0: Foul Ball, location: 2F 0-1: Called Strike 0-2: Ball 1-2: Ball 2-2: Foul Ball, location: 2F 2-2: Fly out, F3 (Popup, 3S)
|
Pitching: RHP Weston Fisher
|
|
Batting: RHB David Edwards
|
0-0: Foul Ball, location: 2F 0-1: Called Strike 0-2: Ball 1-2: Ball 2-2: Foul Ball, location: 2F 2-2: Fly out, F4 (Line Drive, 4)
|
Batting: SHB Pedro Vázquez
|
0-0: Called Strike 0-1: Ball 1-1: Ground out 3-1 (Groundball, 34)
|
Top of the 11th over - 0 run(s), 0 hit(s), 0 error(s), 0 left on base; Athletic Club KC 3 - Austin 3 |
BOTTOM OF THE 11TH |
Austin Rangers batting - Pitching for Athletic Club KC : RHP Jackson Haines
|
Pitching: LHP Arnaldo Bodabalho
|
|
Batting: RHB Jeff Green
|
0-0: Ball 1-0: Ball 2-0: Ball 3-0: Called Strike 3-1: Base on Balls
|
Batting: LHB Jesús Reyes
|
0-0: Swinging Strike 0-1: Ball 1-1: Swinging Strike 1-2: Foul Ball, location: 2F 1-2: Ball 2-2: SINGLE (Line Drive, 4) Jeff Green to second
|
Batting: SHB Xavier Vásquez
|
0-0: Swinging Strike 0-1: Foul Ball, location: 2F 0-2: Strikes out looking
|
Batting: RHB Tony Hernández
|
0-0: Foul Ball, location: 2F 0-1: Ball 1-1: Ball 2-1: Ball 3-1: Base on Balls Jeff Green to third Jesús Reyes to second
|
Batting: LHB Héctor Cortéz
|
0-0: SINGLE (Line Drive, 8LS) Jeff Green scores
|
Saturday, May 26th, 2018 - OOTP Baseball 17.12 Build 75
|
|